AoeStats
← Fs.Black_

Black Forest

510232083Analyzed
4v4 RM · 2d ago on Sep 30, 2026· 39m 8s· 8 players
Game mode
Random Map
Map size
Large (8 player)
Population
200
Speed
Normal
Resources
Standard
Victory
Conquest
Starting age
Dark Age
Ending age
Imperial Age
RankedLock teamsTeams togetherTeam positionsShared explorationLock speedFull tech treeHidden civsTurbo modeCheats
Victory
Defeat
🇦🇷 Celts · Argentina
1471
+16
🇨🇳 Bohemians · China
1454
+17
🇺🇸 Vikings · United States
1433
+18
🇲🇽 Persians · Mexico
1427
+18
🇧🇷 Bohemians · Brazil
1671
-24
🇧🇷 Bengalis · Brazil
1464
-17
🇧🇷 Mongols · Brazil
1433
-16
🇧🇷 Saracens · Brazil
1338
-12
SimmaHem7912
0:30 Loom
14:45 Feudal Age
14:47 Man-at-Arms
15:25 Horse Collar
16:36 Forging
18:25 Scale Mail Armor
18:23 Arson
22:39 Castle Age
20:52 Gold Mining
21:15 Stone Mining
22:16 Double-Bit Axe
23:13 Heavy Plow
23:25 Bow Saw
24:05 Iron Casting
24:34 Long Swordsman
28:26 Wheelbarrow
38:55 Gold Shaft Mining
39:29 Hand Cart
weaking
6:44 Loom
11:37 Feudal Age
13:00 Double-Bit Axe
13:04 Horse Collar
15:56 Castle Age
17:00 Bow Saw
16:57 Heavy Plow
22:56 Wheelbarrow
24:15 Gold Mining
25:43 Caravan
26:27 Loom
31:40 Imperial Age
29:00 Pikeman
29:41 Scale Mail Armor
30:02 Forging
30:30 Gold Shaft Mining
29:45 Stone Mining
29:51 Gambesons
31:01 Chain Mail Armor
30:12 Man-at-Arms
31:18 Hand Cart
32:12 Iron Casting
31:01 Long Swordsman
31:46 Two-Handed Swordsman
33:01 Plate Mail Armor
32:41 Champion
34:06 Conscription
35:38 Blast Furnace
34:24 Capped Ram
36:30 Elite Woad Raider
37:35 Furor Celtica
39:03 Siege Ram
Vedette87
7:30 Loom
9:47 Feudal Age
10:37 Double-Bit Axe
11:04 Man-at-Arms
11:54 Horse Collar
19:53 Gold Mining
22:37 Stone Mining
25:08 Castle Age
29:29 Imperial Age
27:26 Fletching
27:36 Padded Archer Armor
27:07 Crossbowman
29:01 Gold Shaft Mining
28:38 Bow Saw
28:50 Bodkin Arrow
30:41 Bracer
31:44 Ballistics
34:59 Chemistry
35:33 Arbalester
38:15 Leather Archer Armor
39:13 Conscription
39:38 Ring Archer Armor
9527
5:52 Loom
10:52 Feudal Age
14:33 Castle Age
12:19 Horse Collar
12:28 Double-Bit Axe
22:14 Wheelbarrow
23:43 Hand Cart
30:06 Imperial Age
28:25 Scale Mail Armor
28:38 Bow Saw
28:19 Town Watch
28:59 Heavy Plow
30:19 Chemistry
30:21 Chain Mail Armor
31:48 Plate Mail Armor
31:29 Forging
31:22 Squires
31:07 Arson
31:25 Pikeman
31:51 Arson
33:17 Fervor
32:55 Halberdier
36:38 Iron Casting
36:22 Houfnice
xand3
6:28 Loom
10:31 Feudal Age
14:22 Castle Age
12:59 Double-Bit Axe
13:54 Scale Barding Armor
14:00 Forging
22:39 Horse Collar
23:22 Bow Saw
25:50 Wheelbarrow
31:01 Imperial Age
30:18 Stone Mining
30:18 Gold Mining
30:26 Fletching
30:37 Padded Archer Armor
31:00 Ballistics
30:53 Bloodlines
30:43 Husbandry
32:16 Parthian Tactics
31:57 Thumb Ring
31:59 Gold Mining
32:34 Hand Cart
32:56 Stone Shaft Mining
32:39 Leather Archer Armor
33:22 Conscription
33:49 Bodkin Arrow
34:56 Chemistry
34:51 Elite Mangudai
36:08 Bracer
pIpOcAo
0:30 Loom
12:16 Feudal Age
16:07 Fletching
18:05 Double-Bit Axe
23:54 Castle Age
22:43 Horse Collar
22:55 Gold Mining
22:59 Stone Mining
24:41 Bodkin Arrow
24:09 Crossbowman
28:24 Bow Saw
31:45 Ballistics
31:45 Padded Archer Armor
36:42 Imperial Age
34:30 Elite Skirmisher
37:28 Bracer
K-riok FAZZZZ ALDEAOOO
0:32 Loom
27:37 Feudal Age
33:04 Feudal Age
Fs.Black_
5:05 Loom
10:44 Feudal Age
12:37 Double-Bit Axe
14:59 Castle Age
13:48 Horse Collar
16:03 Bow Saw
22:32 Wheelbarrow
28:10 Imperial Age
25:57 Hand Cart
26:08 Scale Mail Armor
26:19 Forging
26:44 Heavy Plow
26:17 Pikeman
27:42 Chain Mail Armor
27:28 Squires
28:46 Chemistry
28:57 Iron Casting
28:09 Arson
28:12 Halberdier
29:23 Plate Mail Armor
33:05 Blast Furnace
32:14 Man-at-Arms
32:26 Houfnice
33:11 Long Swordsman
33:56 Two-Handed Swordsman
35:51 Fletching
36:23 Ballistics
35:44 Champion
Connection lost

Rejoining the realm…

Still unreachable

The connection could not be restored.

Session expired

The server has moved on; the page needs a fresh start.